 Dungeon Crawl Stone Soup version 0.23.0 (webtiles) character file.

Game seed: 9380759840604574316

18 ohad the Changer (level 2, 0/18 HPs)
             Began as an Octopode Transmuter on Feb 15, 2019.
             Slain by a kobold
             ... wielding a +0 club
              (4 damage)
             ... on level 1 of the Dungeon.
             The game lasted 00:01:10 (360 turns).

ohad the Changer (Octopode Transmuter)               Turns: 360, Time: 00:01:11

Health: 0/18       AC:  1    Str:  9    XL:     2   Next: 70%
Magic:  5/5        EV: 13    Int: 15    God:
Gold:   0          SH:  0    Dex: 12    Spells: 4/5 levels left

rFire    . . .     SeeInvis .     - Unarmed
rCold    . . .     Gourm    .   (no shield)
rNeg     . . .     Faith    .   (helmet restricted)
rPois    .         Spirit   .   (no amulet)
rElec    .         Reflect  .   (no ring)
rCorr    .         Harm     .   (no ring)
MR       .....                  (no ring)
Stlth    +++.......             (no ring)
HPRegen  0.06/turn              (no ring)
MPRegen  0.09/turn              (no ring)
                                (no ring)
                                (no ring)

@: no status effects
A: almost no armour, stealthy swim, amphibious, 8 rings, constrict 8, camouflage
1, gelatinous body 1
a: no special abilities


You were on level 1 of the Dungeon.
You were not hungry.

You visited 1 branch of the dungeon, and saw 1 of its levels.

Inventory:

Missiles
 a - 12 arrows
 g - 5 tomahawks (quivered)
Scrolls
 d - a scroll of identify {unknown}
 h - a scroll of magic mapping {unknown}
 j - a scroll of blinking {unknown}
Potions
 e - 2 potions of ambrosia {unknown}
 f - a potion of brilliance {unknown}
 i - a potion of cancellation {unknown}
Comestibles
 b - 2 chunks of flesh
 c - a ration


   Skills:
 - Level 1.0 Fighting
 - Level 2.0 Dodging
 - Level 3.0 Unarmed Combat
 - Level 2.0 Spellcasting
 + Level 3.2 Transmutations


You had 4 spell levels left.
You knew the following spells:

 Your Spells              Type           Power        Failure   Level  Hunger
a - Beastly Appendage     Tmut           ##....       6%          1    #......

Your spell library contained the following spells:

 Spells                   Type           Power        Failure   Level  Hunger
 Sticks to Snakes         Tmut           ##......     9%          2    ###....
 Spider Form              Tmut/Pois      #.........   34%         3    ###....
 Ice Form                 Ice/Tmut       #.......     75%         4    #####..
 Blade Hands              Tmut           ##........   86%         5    ######.


Dungeon Overview and Level Annotations

Branches:
Dungeon (1/15)

Altars:


Innate Abilities, Weirdness & Mutations

You cannot wear most types of armour.
You are very stealthy in the water. (Stealth+)
You are amphibious.
You can wear up to eight rings at the same time.
You can use your tentacles to constrict eight enemies at once.
Your skin changes colour to match your surroundings (Stealth+).
Your rubbery body absorbs attacks. (AC +1, EV +1)


Message History

You closely miss the bat. Your grab misses the bat.
The bat is heavily wounded.
The bat hits you.
The kobold hits the plant with a +0 club.
The bat completely misses you.
You barely miss the bat. Your grab misses the bat.
The bat is heavily wounded.
The bat barely misses you.
The kobold hits the plant with a +0 club.
The bat hits you but does no damage.
You tentacle-slap the bat but do no damage.
You grab the bat.
The bat is heavily wounded.
You constrict the bat. The bat barely misses you.
The kobold splashes around in the water.
The bat escapes!
The bat closely misses you. The kobold hits you with a +0 club.
* * * LOW HITPOINT WARNING * * *
The bat hits you but does no damage. The kobold hits you with a +0 club.
You die...

#.#♣P≈.#.#
###.≈≈≈≈≈#.#
#...≈≈P≈≈#÷#
#...♣≈P≈♣♣.#
##...≈≈≈≈≈♣.#
##P...≈≈≈≈≈≈.#
#≈≈≈...P≈≈≈≈.#
♣♣≈≈..≈≈≈≈≈(P#
♣≈≈≈..b@P≈(≈≈♣
♣≈≈≈..≈K≈≈)≈P♣
♣≈≈≈...♣P≈≈≈♣♣
♣♣≈P...≈≈P≈≈≈♣
♣≈P≈....≈≈≈≈≈♣
♣≈≈P....≈≈≈≈≈♣
♣♣≈≈..$≈≈≈≈≈≈#
≈♣PP.≈≈≈≈.#.#
P♣≈..♣≈#.#.#


You could see a bat and a kobold.

Vanquished Creatures
  2 dart slugs (D:1)
  A bat (D:1)
  A giant cockroach (D:1)
  3 hobgoblins (D:1)
  A frilled lizard (D:1)
  A goblin (D:1)
  2 kobolds (D:1)
  4 rats (D:1)
15 creatures vanquished.

Notes
Turn   | Place    | Note
-------+----------+-------------------------------------------
     0 | D:1      | ohad the Octopode Transmuter began the quest for the Orb.
     0 | D:1      | Reached XP level 1. HP: 13/13 MP: 3/3
    80 | D:1      | Reached XP level 2. HP: 11/18 MP: 5/5
   360 | D:1      | Slain by a kobold

Skill      XL: |  1  2 |
---------------+-------+-----
Transmutations | 3 |  3.2
Fighting       | |  1.0
Dodging        | |  2.0
Unarmed Combat | |  3.0
Spellcasting   | |  2.0

Action                   || total
-------------------------++-------
Melee: Unarmed           ||    33
       Kick              ||     6
       Constrict         ||     8
       Tentacles         ||     6
 Cast: Beastly Appendage ||     8
 Stab: Sleeping          ||     2
Armor: Skin              ||     6
Dodge: Dodged            ||    29
